 Dungeon Crawl Stone Soup version 0.23-a0-808-gd21de94 (webtiles) character file.

408 Gildeon the Magician (level 6, -14/34 HPs)
             Began as a Deep Elf Fire Elementalist on Dec 31, 2018.
             Demolished by an ogre
             ... wielding a +0 giant club
              (26 damage)
             ... on level 4 of the Dungeon on Jan 20, 2019.
             The game lasted 00:18:27 (3235 turns).

Gildeon the Magician (Deep Elf Fire Elementalist)   Turns: 3235, Time: 00:18:28

Health: -14/34     AC:  2    Str:  5    XL:     6   Next: 57%
Magic:  12/15      EV: 13    Int: 22    God:
Gold:   126        SH:  0    Dex: 15    Spells: 0/15 levels left

rFire    + . .     SeeInvis .   b - +3 dagger
rCold    x . .     Gourm    .   (no shield)
rNeg     . . .     Faith    .   a - +0 robe
rPois    .         Spirit   .   (no helmet)
rElec    .         Reflect  .   (no cloak)
rCorr    .         Harm     .   (no gloves)
MR       .....                  (no boots)
Stlth    ++........             (no amulet)
HPRegen  0.11/turn              f - ring of fire
MPRegen  0.14/turn              (no ring)

@: no status effects
A: no striking features
a: no special abilities


You were on level 4 of the Dungeon.
You were not hungry.

You visited 1 branch of the dungeon, and saw 4 of its levels.
You also visited: Sewer.

You collected 126 gold pieces.

Inventory:

Hand Weapons
 b - a +3 dagger (weapon)
Armour
 a - a +0 robe (worn)
Jewellery
 f - a ring of fire (left hand)
 k - an uncursed ring of resist corrosion {unknown}
Scrolls
 h - 3 scrolls of remove curse
 m - a scroll of magic mapping {unknown}
 n - 3 scrolls of teleportation
 o - 2 scrolls of blinking
 p - a scroll of fear {unknown}
 s - a scroll of noise {unknown}
 t - a scroll of identify
Potions
 e - a potion of lignification {unknown}
 g - 3 potions of might
 i - 2 potions of heal wounds {unknown}
 j - a potion of curing {unknown}
 l - a potion of haste {unknown}
 q - a potion of magic {unknown}
 r - 2 potions of agility {unknown}
Comestibles
 c - 4 rations


   Skills:
 + Level 1.6 Fighting
 - Level 1.2 Armour
 + Level 2.4 Dodging
 - Level 2.4 Stealth
 - Level 5.1 Spellcasting
 + Level 4.3 Conjurations
 - Level 5.0 Fire Magic


You couldn't memorise any spells.
You knew the following spells:

 Your Spells              Type           Power        Failure   Level  Hunger
a - Flame Tongue          Conj/Fire      #####        1%          1    None
b - Throw Flame           Conj/Fire      #####.       2%          2    None
c - Conjure Flame         Conj/Fire      #####...     4%          3    ##.....
d - Sticky Flame          Conj/Fire      #####...     14%         4    ####...
e - Fireball              Conj/Fire      #####.....   38%         5    #####..

Your spell library contained the following spells:

 Spells                   Type           Power        Failure   Level  Hunger
 Inner Flame              Hex/Fire       ###.....     11%         3    ##.....


Dungeon Overview and Level Annotations

Branches:
Dungeon (4/15)
 Temple: D:4-7

Altars:
Nemelex Xobeh
Okawaru
The Shining One

Annotations:
D:3 3 runed doors, zkyp's ghost, amateur GnGl


Message History

The ogre is heavily wounded.
Casting: Flame Tongue (safe; 1% risk of failure)
Confirm with . or Enter, or press ? or * to list all spells.
Aiming: Flame Tongue (safe; 1% risk of failure)
Press: ? - help, Shift-Dir - straight line, f/p - ogre
Aim: an ogre, wielding a +0 giant club (heavily wounded)
You feel a surge of power!
The flame tongue hits the ogre.
The ogre is heavily wounded.
The ogre hits you with a +0 giant club!!
Ouch! That really hurt!
Casting: Flame Tongue (safe; 1% risk of failure)
Confirm with . or Enter, or press ? or * to list all spells.
Aiming: Flame Tongue (safe; 1% risk of failure)
Press: ? - help, Shift-Dir - straight line, f/p - ogre
Aim: an ogre, wielding a +0 giant club (heavily wounded)
You feel a surge of power!
The flame tongue hits the ogre.
The ogre is severely wounded.
The ogre hits you with a +0 giant club!!
Ouch! That really hurt!
You die...

# .#.# ##############
#.#.###.
#.....^......####......
#..............##....#
#....................#
#....!.@.............# .
#.....O..............#..
#............<..........
#.......................
#...................#...
##......#....[......# .
#...................$.
#......................
...............##..


You could see an ogre.

Vanquished Creatures
  Sigmund (D:4)
  A centaur skeleton (D:3)
  An orc wizard (D:3)
  A hound skeleton (D:3)
  A river rat (D:3)
  6 adders
  2 oozes (D:1)
  An adder skeleton (D:4)
  2 dart slugs
  2 leopard geckos
  6 orcs (D:3)
  6 ball pythons
  8 bats
  4 giant cockroaches
  6 goblins
  8 hobgoblins
  A quokka (D:2)
  9 frilled lizards
  2 jackal skeletons (D:3)
  A jackal zombie (D:3)
  11 kobolds
  A leopard gecko zombie (D:3)
  21 rats
102 creatures vanquished.

Notes
Turn   | Place    | Note
-------+----------+-------------------------------------------
     0 | D:1      | Gildeon the Deep Elf Fire Elementalist began the quest for
                  | the Orb.
     0 | D:1      | Reached XP level 1. HP: 10/10 MP: 6/6
   337 | D:1      | Reached XP level 2. HP: 15/15 MP: 5/8
   368 | D:1      | Learned a level 2 spell: Throw Flame
   987 | D:1      | Reached XP level 3. HP: 19/19 MP: 8/10
   992 | D:1      | Learned a level 3 spell: Conjure Flame
  1408 | D:2      | Found a glowing golden altar of the Shining One.
  1428 | D:2      | Found an iron altar of Okawaru.
  1432 | D:2      | Found a sparkling altar of Nemelex Xobeh.
  1637 | D:2      | Reached XP level 4. HP: 24/24 MP: 10/12
  1649 | D:2      | Learned a level 4 spell: Sticky Flame
  2032 | D:3      | Noticed zkyp's ghost (amateur GnGl)
  2033 | D:3      | Noticed a hippogriff
  2094 | D:3      | Found a runed gate.
  2094 | D:3      | Found a runed gate.
  2094 | D:3      | Found a runed gate.
  2105 | D:3      | Found a glowing drain.
  2133 | Sewer    | Entered a sewer
  2513 | Sewer    | Reached XP level 5. HP: 28/28 MP: 5/14
  2815 | D:3      | Upgraded the game from 0.23-a0-643-g9ccc95a to
                  | 0.23-a0-644-gb60d84b
  2832 | D:3      | Reached skill level 5 in Spellcasting
  3022 | D:3      | Reached skill level 5 in Fire Magic
  3132 | D:4      | Noticed Sigmund
  3143 | D:4      | Killed Sigmund
  3143 | D:4      | Reached skill level 1 in Fighting
  3143 | D:4      | Reached skill level 1 in Armour
  3143 | D:4      | Reached XP level 6. HP: 28/34 MP: 10/15
  3209 | D:4      | Learned a level 5 spell: Fireball
  3209 | D:4      | Upgraded the game from 0.23-a0-644-gb60d84b to
                  | 0.23-a0-808-gd21de94
  3235 | D:4      | Demolished by an ogre

Vault maps used:
D:1:      erik_arrival_gehennom
D:2:      grunt_temple_overflow_diamond, first_ration
D:3:      portal_sewer_entry_a, gammafunk_ghost_split, serial_undead,
          serial_undead_e, serial_undead_f, serial_undead_e, serial_undead_b
D:4:      evilmike_ruin_ashenzari, uniq_sigmund
Sewer:    sewer_co_cracked_pipes

Skill      XL: |  1  2  3  4  5 |
---------------+----------------+-----
Conjurations   | 2 3 4 |  4.3
Fire Magic     | 4 5 |  5.0
Spellcasting   | 4 5 |  5.1
Fighting       | 1 |  1.6
Armour         | 1 |  1.2
Dodging        | |  2.4
Stealth        | |  2.4

Action                   |  1- 3 |  4- 6 || total
-------------------------+-------+-------++-------
Melee: Dagger            |     2 |     4 ||     6
 Cast: Flame Tongue      |    61 |   110 ||   171
  Use: Scroll            |     3 |     5 ||     8
 Stab: Sleeping          |     1 |       ||     1
  Eat: Chunk             |     2 |     5 ||     7
Armor: Robe              |     4 |     6 ||    10
Dodge: Dodged            |     8 |    35 ||    43

Table legend:
 A = Non-vault XP
 B = Vault XP
 C = Vault XP percentage of total XP
 D = Non-vault monster count
 E = Vault monster count
 F = Vault count percentage of total count
                 A         B        C        D         E       F
            +---------+---------+-------+---------+---------+-------
      Total |     217 |     366 |  62.8 |      66 |      36 |  35.3
            +---------+---------+-------+---------+---------+-------
        D:1 |      32 |      18 |  36.0 |      20 |       5 |  20.0
        D:2 |      74 |       0 |   0.0 |      24 |       0 |   0.0
        D:3 |     104 |      84 |  44.7 |      20 |      10 |  33.3
        D:4 |       7 |     231 |  97.1 |       2 |       1 |  33.3
      Sewer |       0 |      33 | 100.0 |       0 |      20 | 100.0
            +---------+---------+-------+---------+---------+-------
